 Dungeon Crawl Stone Soup version 0.31-a0-1321-g5021b54cb2 (webtiles) character file.

Game seed: 13332578630332646026

56 pokeman the Magician (level 3, -11/20 HPs)
             Began as a Deep Elf Hedge Wizard on Dec 20, 2023.
             Mangled by a crocodile (13 damage)
             ... in a sewer.
             The game lasted 00:04:05 (2444 turns).

pokeman the Magician (Deep Elf Hedge Wizard)        Turns: 2444, Time: 00:04:06

Health: -11/20     AC:  3    Str:  7    XL:     3   Next: 69%
Magic:  1/11       EV: 12    Int: 20    God:
Gold:   21         SH:  0    Dex: 14    Spells: 3/12 levels left

rFire   . . .        a - +0 dagger
rCold   . . .        (no shield)
rNeg    . . .        b - +0 robe
rPois   .            h - +0 helmet
rElec   .            (no cloak)
rCorr   .            (no gloves)
SInv    +            (no boots)
Will    .....        (no amulet)
Stlth   ++           k - ring of see invisible
HPRegen 0.23/turn    (no ring)
MPRegen 0.12/turn

%: no passive effects
@: no status effects
A: no striking features
a: no special abilities


You were in a sewer.
You visited 1 branch of the dungeon, and saw 3 of its levels.
You also visited: Sewer.

You collected 21 gold pieces.

Inventory:

Hand Weapons
 a - a +0 dagger (weapon)
Armour
 b - a +0 robe (worn)
 e - a scarf of harm
 h - a +0 helmet (worn)
Jewellery
 j - a ring of fire
 k - a ring of see invisible (left hand)
Scrolls
 c - a scroll of teleportation {unknown}
 f - a scroll of enchant armour {unknown}
 i - a scroll of enchant weapon {unknown}
 l - a scroll of fog {unknown}
Potions
 d - a potion of magic
 g - a potion of attraction {unknown}


   Skills:
 + Level 1.0 Fighting
 + Level 1.0 Armour
 - Level 2.4 Dodging
 - Level 2.4 Stealth
 * Level 5.3 Spellcasting
 + Level 1.9 Conjurations
 - Level 1.1 Summonings
 - Level 1.1 Translocations


You had 3 spell levels left.
You knew the following spells:

 Your Spells              Type           Power      Damage    Failure   Level
a - Magic Dart            Conj           52%        1d5       4%          1
b - Mephitic Cloud        Conj/Alch/Air  7%         N/A       26%         3
c - Call Imp              Summ           18%        N/A       11%         2
d - Blink                 Tloc           18%        N/A       11%         2
e - Shock                 Conj/Air       36%        1d5       8%          1

Your spell library contained the following spells:

 Spells                   Type           Power      Damage    Failure   Level
 Slow                     Hex            20%        N/A       11%         1
 Cigotuvi's Dreadful Rot  Necr/Alch/Air  10%        N/A       17%         2
 Swiftness                Air            5%         N/A       32%         3
 Airstrike                Air            2%         2d(1-17)  73%         4


Dungeon Overview and Level Annotations

Branches:
Dungeon (3/15)              Sewer (1/1)

Altars:


Message History

Confirm with . or Enter, or press ? or * to list all spells.
A tiny devil pulls itself out of the air.
Your cerulean imp says, "I give in to your service, O illustrious and god-like gentleelf!"
Unknown command.
Your cerulean imp hits the crocodile but does no damage.
Your cerulean imp hits the crocodile but does no damage.
The crocodile barely misses you.
Your magical contamination has completely faded away.
You catch the helpless crocodile completely off-guard!
You puncture the crocodile!
The crocodile is moderately wounded.
Your cerulean imp hits the crocodile but does no damage.
The crocodile bites you.
You barely miss the crocodile.
The crocodile is moderately wounded.
Your cerulean imp hits the crocodile but does no damage.
The crocodile bites you.
The crocodile bites itself!
You hit the crocodile but do no damage.
The crocodile is heavily wounded.
Your cerulean imp barely misses the crocodile.
You hit the crocodile.
The crocodile is severely wounded.
Your cerulean imp hits the crocodile but does no damage.
You closely miss the crocodile.
The crocodile is severely wounded.
The crocodile bites you!
Ouch! That really hurt!
* * * LOW HITPOINT WARNING * * *
The crocodile drags you backwards!
Unknown command.
Your cerulean imp hits the crocodile from afar with a -4 spear.
Your cerulean imp hits the crocodile but does no damage.
The crocodile closely misses your cerulean imp.
You hit the crocodile but do no damage.
The crocodile is severely wounded.
The crocodile seems less confused.
Your cerulean imp hits the crocodile with a -4 spear.
The crocodile bites you!
Ouch! That really hurt!
You die...

....## ##~## $ ##
~.~~.### #.~.#
[.##. #~.~~.###
#.~.. ##.~.~
#~....###~~..
...~..#
##~...~.~~~##
#.~~..###
###.....###~~..
#....~####.~~~.###
#.~..
###...l5..~..###
#.~.. ###..@...###
##~#. ########
#~## #~## #~##
#### # # #


You could see a crocodile (ally target) and a friendly cerulean imp (summoned).

Vanquished Creatures
  An adder (D:3)
  A worm (D:2)
  A dart slug (D:2)
  A ball python (D:1)
  3 endoplasms
  5 giant cockroaches
  2 goblins (D:2)
  3 hobgoblins
  2 jackals (Sewer)
  2 quokkas (D:2)
  3 bats
  2 frilled lizards (D:3)
  10 kobolds
  2 rats
38 creatures vanquished.

Notes
Turn   | Place    | Note
-------+----------+-------------------------------------------
     0 | D:1      | pokeman the Deep Elf Hedge Wizard began the quest for the
                  | Orb.
     0 | D:1      | Reached XP level 1. HP: 10/10 MP: 7/7
   440 | D:1      | Reached XP level 2. HP: 16/16 MP: 5/9
  1660 | D:2      | Reached skill level 5 in Spellcasting
  1777 | D:2      | Reached XP level 3. HP: 20/20 MP: 8/11
  1781 | D:2      | Learned a level 3 spell: Mephitic Cloud
  1784 | D:2      | Learned a level 2 spell: Call Imp
  1787 | D:2      | Learned a level 2 spell: Blink
  1789 | D:2      | Learned a level 1 spell: Shock
  2235 | D:3      | Reached skill level 1 in Armour
  2252 | D:3      | Found a glowing drain.
  2257 | D:3      | Reached skill level 1 in Fighting
  2266 | Sewer    | Entered a sewer
  2422 | Sewer    | Noticed a crocodile
  2442 | Sewer    | HP: 1/20 [crocodile (10)]
  2444 | Sewer    | Mangled by a crocodile

Illustrated notes

Levels and vault maps discovered:
D:1:      dpeg_arrival_triangle_fractal, layout_basic
D:2:      layout_basic
D:3:      layout_rooms, nicolae_ru_awakened_eye, lemuel_tele_altar,
          lemuel_crystal_altar, mainiacjoe_sewer_entry_somewhere_in_here_1
Sewer:    sewer_the_crocodile

Skill      XL: |  1  2  3 |
---------------+----------+-----
Spellcasting   | 5 |  5.3
Armour         | 1 |  1.0
Fighting       | 1 |  1.0
Dodging        | |  2.4
Stealth        | |  2.4
Conjurations   | |  1.9
Summonings     | |  1.1
Translocations | |  1.1

Action                     || total
---------------------------++-------
  Melee: Dagger            ||    41
   Cast: Magic Dart        ||    67
         Shock             ||    26
         Mephitic Cloud    ||     2
         Call Imp          ||     1
   Stab: Confused          ||     1
 Armour: Robe              ||    24
  Dodge: Dodged            ||    25

Table legend: (Time is in decaauts)
 A = Elapsed time spent in this place.
 B = Non-inter-level travel time spent in this place.
 C = Inter-level travel time spent in this place.
 D = Time resting spent in this place.
 E = Time spent auto-exploring this place.
 F = Levels seen in this place.
 G = Mean time per level.
                   A        B        C        D        E       F      G
               +--------+--------+--------+--------+--------+-----+--------+
         Total |   2451 |   2334 |    117 |    140 |   1860 |   4 |  612.8 |
       Dungeon |   2267 |   2150 |    117 |    140 |   1709 |   3 |  755.7 |
         Sewer |    183 |    183 |      0 |      0 |    151 |   1 |  183.0 |
               +--------+--------+--------+--------+--------+-----+--------+

Top non-repeatable levels by time:
     D:2: 1156 daAuts
     D:1: 1045 daAuts
   Sewer: 183 daAuts
     D:3: 65 daAuts
